AoeStats
← jaskera

Arabia

502905469Analyzed
4v4 RM · 1mo ago on Aug 29, 2026· 22m 25s· 8 players
Game mode
Random Map
Map size
Large (8 player)
Population
200
Speed
Normal
Resources
Standard
Victory
Conquest
Starting age
Dark Age
Ending age
Imperial Age
RankedLock teamsTeams togetherTeam positionsShared explorationLock speedFull tech treeHidden civsTurbo modeCheats
Victory
Defeat
🇹🇼 Franks · Taiwan
1664
+14
🇭🇰 Maya · Hong Kong SAR China
1628
+16
🇹🇼 Persians · Taiwan
1617
+16
🇹🇼 Ethiopians · Taiwan
1607
+17
🇩🇪 Franks · Germany
1654
-17
🇫🇷 Britons · France
1641
-17
🇨🇳 Ethiopians · China
1620
-16
🇨🇿 Persians · Czechia
1580
-14
jaskera
5:26 Loom
8:27 Feudal Age
9:43 Double-Bit Axe
12:25 Fletching
14:29 Padded Archer Armor
17:15 Wheelbarrow
18:11 Town Watch
23:38 Castle Age
22:24 Gold Mining
22:17 Horse Collar
=)Svanhilde
2:46 Loom
10:28 Feudal Age
15:00 Double-Bit Axe
15:41 Fletching
22:27 Castle Age
20:48 Gold Mining
[Liiit] Zbyszek
6:21 Loom
9:20 Feudal Age
9:50 Double-Bit Axe
16:18 Scale Barding Armor
18:06 Forging
20:03 Wheelbarrow
23:13 Castle Age
21:52 Fletching
22:28 Gold Mining
Mr_Asphalt
8:44 Feudal Age
9:03 Loom
9:35 Double-Bit Axe
9:31 Horse Collar
18:08 Bloodlines
散步小花土
0:27 Loom
8:24 Feudal Age
9:44 Double-Bit Axe
12:21 Fletching
20:45 Castle Age
19:22 Padded Archer Armor
19:13 Horse Collar
20:47 Crossbowman
21:23 Bodkin Arrow
21:51 Bow Saw
22:40 Town Watch
JamCat
8:38 Feudal Age
9:07 Double-Bit Axe
9:06 Horse Collar
11:08 Loom
15:06 Scale Barding Armor
17:20 Forging
17:48 Wheelbarrow
18:40 Bloodlines
羅鈸棒
6:59 Loom
9:24 Feudal Age
13:44 Fletching
17:39 Double-Bit Axe
18:11 Padded Archer Armor
23:56 Castle Age
22:27 Gold Mining
Umi
9:22 Feudal Age
8:32 Loom
10:11 Double-Bit Axe
14:05 Scale Barding Armor
15:46 Forging
23:28 Castle Age
22:27 Gold Mining
Connection lost

Rejoining the realm…

Still unreachable

The connection could not be restored.

Session expired

The server has moved on; the page needs a fresh start.